 Dungeon Crawl Stone Soup version 0.29.0-13-gc9e81de378 (webtiles) character file.

Game seed: 7151309461381752610

21 howech the Insei (level 2, -2/18 HPs)
             Began as an Octopode Transmuter on Sept 10, 2022.
             Slain by a frilled lizard (3 damage)
             ... on level 1 of the Dungeon.
             The game lasted 00:01:49 (348 turns).

howech the Insei (Octopode Transmuter)               Turns: 348, Time: 00:01:50

Health: -2/18      AC:  1    Str:  9    XL:     2   Next: 87%
Magic:  5/5        EV: 13    Int: 15    God:
Gold:   13         SH:  0    Dex: 12    Spells: 4/5 levels left

rFire   . . .      SeeInvis .   b - +1 whip (venom)
rCold   . . .      Faith    .   (no shield)
rNeg    . . .      Spirit   .   (helmet restricted)
rPois   .          Reflect  .   (no amulet)
rElec   .          Harm     .   (no ring)
rCorr   .          Rampage  .   (no ring)
Will    .....                   (no ring)
Stlth   +++.......              (no ring)
HPRegen 0.06/turn               (no ring)
MPRegen 0.09/turn               (no ring)
                                (no ring)
                                (no ring)

@: no status effects
A: almost no armour, amphibious, 8 rings, camouflage 1, gelatinous body 1,
(nimble swimmer 1), tentacles
a: no special abilities


You were on level 1 of the Dungeon.
You visited 1 branch of the dungeon, and saw 1 of its levels.

You collected 13 gold pieces.

Inventory:

Hand Weapons
 b - a +1 whip of venom (weapon)
Jewellery
 c - a ring of resist corrosion
Potions
 a - a potion of lignification
 d - 2 potions of haste {unknown}


   Skills:
 + Level 1.2 Fighting
 + Level 0.4 Maces & Flails
 + Level 2.2 Dodging
 * Level 1.4 Stealth
 + Level 3.1 Unarmed Combat
 + Level 2.1 Spellcasting
 + Level 2.2 Transmutations


You had 4 spell levels left.
You knew the following spells:

 Your Spells              Type           Power      Damage    Failure   Level
a - Beastly Appendage     Tmut           16%        N/A       9%          1

Your spell library contained the following spells:

 Spells                   Type           Power      Damage    Failure   Level
 Wereblood                Tmut           8%         N/A       13%         2
 Spider Form              Tmut/Pois      4%         N/A       38%         3
 Ice Form                 Ice/Tmut       4%         N/A       80%         4


Dungeon Overview and Level Annotations

Branches:
Dungeon (1/15)

Altars:


Innate Abilities, Weirdness & Mutations

You cannot wear most types of armour.
You are amphibious.
You can wear up to eight rings at the same time.
Your skin changes colour to match your surroundings (Stealth+).
Your rubbery body absorbs attacks. (AC +1, EV +1)
((You are camouflaged when in or above water. (Stealth+)))
You have tentacles for arms and can constrict up to eight enemies at once.


Message History

You hit the dart slug.
The dart slug is poisoned.
You pierce the dart slug.
You kill the dart slug!
The jackal bites you. The jackal completely misses you. The rat bites you.
You hit the jackal but do no damage.
The jackal is poisoned.
You grab the jackal.
You constrict the jackal, but do no damage.
The jackal misses you. The jackal bites you. The jackal closely misses you.
The frilled lizard unfolds its giant frill.
The rat closely misses you. The jackal completely misses you.
The jackal barely misses you. The jackal misses you.
You release your grip on the jackal.
The jackal attacks as you move away! The jackal bites you.
You kill the jackal!
The jackal bites you. The jackal closely misses you. The jackal misses you.
You hit the jackal but do no damage.
The jackal is poisoned.
You grab the jackal.
You pierce the jackal, but do no damage.
You squeeze the jackal.
You kill the jackal!
The jackal bites you.
* * * LOW HITPOINT WARNING * * *
You hit the jackal.
The jackal is poisoned.
You grab the jackal.
You pierce the jackal, but do no damage.
The jackal is moderately wounded.
You constrict the jackal, but do no damage.
The jackal bites you.
* * * LOW HITPOINT WARNING * * *
You hit the jackal.
You kill the jackal!
You hit the kobold.
You kill the kobold!
Your tentacle spike disappears.
You hit the rat.
The rat is poisoned.
You grab the rat.
The rat is moderately wounded.
You constrict the rat.
You kill the rat!
The frilled lizard bites you.
You die...

###### # #....# # #....# ##
#....# ########## .##
#....####^........ ..#
#......##......... #.#
#....#.##......... #.#
#....#.@lJ........ #.##
#....####.........
...########)### #.........
.#..........# .........!
............# ...........
.#...............#.........
......#.....###.##.........
......#......... .......###
..#..##.######.


You could see an endoplasm and a frilled lizard.

Vanquished Creatures
  2 dart slugs (D:1)
  An endoplasm (D:1)
  A goblin (D:1)
  2 hobgoblins (D:1)
  4 jackals (D:1)
  2 ball pythons (D:1)
  A bat (D:1)
  A frilled lizard (D:1)
  A kobold (D:1)
  2 rats (D:1)
17 creatures vanquished.

Notes
Turn   | Place    | Note
-------+----------+-------------------------------------------
     0 | D:1      | howech the Octopode Transmuter began the quest for the Orb.
     0 | D:1      | Reached XP level 1. HP: 13/13 MP: 3/3
   116 | D:1      | Reached XP level 2. HP: 13/18 MP: 5/5
   336 | D:1      | Reached skill level 1 in Stealth
   348 | D:1      | Slain by a frilled lizard

Illustrated notes

Levels and vault maps discovered:
D:1:      dpeg_arrival_round_c, layout_rooms, shapermc_ecumenical_altar_ellora

Skill      XL: |  1  2 |
---------------+-------+-----
Stealth        | 1 |  1.4
Fighting       | |  1.2
Maces & Flails | |  0.4
Dodging        | |  2.2
Unarmed Combat | |  3.1
Spellcasting   | |  2.1
Transmutations | |  2.2

Action                   || total
-------------------------++-------
Melee: Whip              ||    26
       Constrict         ||    10
       Tentacles         ||     4
       Kick              ||     8
 Cast: Beastly Appendage ||     5
 Stab: Sleeping          ||     1
Armor: Skin              ||     3
Dodge: Dodged            ||    21
